 Dungeon Sprint DCSS version 0.23.2 (webtiles) character file.

Game seed: 687274409022898289

50 MartialLaw the Skirmisher (level 3, 0/27 HPs)
             Began as a Gargoyle Berserker on Mar 31, 2019.
             Was a Believer of Trog.
             Slain by a scorpion (6 damage)
             ... in the Dungeon (Sprint III: "The Ten Rune Challenge").
             The game lasted 00:01:32 (193 turns).

MartialLaw the Skirmisher (Gargoyle Berserker)       Turns: 193, Time: 00:01:32

Health: 0/27       AC:  5    Str: 21    XL:     3   Next: 79%
Magic:  3/3        EV:  7    Int:  7    God:    Trog [**....]
Gold:   0          SH: 11    Dex:  9    Spells: 2/2 levels left

rFire    . . .     SeeInvis .   n - +4 club
rCold    . . .     Gourm    .   k - +0 large shield
rNeg     + . .     Faith    .   b - +0 animal skin
rPois    ∞         Spirit   .   (no helmet)
rElec    +         Reflect  .   (no cloak)
rCorr    .         Harm     .   (no gloves)
MR       .....     NoTele   +   (no boots)
Stlth    +.........             (no amulet)
HPRegen  0.09/turn              (no ring)
MPRegen  0.08/turn              (no ring)

@: berserk cooldown, slowed, very slow
A: negative energy resistance 1, electricity resistance, unbreathing,
petrification resistance, rot immunity, AC +3
a: Berserk, Trog's Hand, Renounce Religion


You were in the Dungeon.
You worshipped Trog.
Trog was pleased with you.
You were hungry.

You visited 1 branch

Inventory:

Hand Weapons
 a - a +0 mace
 n - a +4 club (weapon)
Armour
 b - a +0 animal skin (worn)
 k - a +0 large shield (worn)
Scrolls
 i - a scroll of blinking
 j - a scroll of magic mapping {unknown}
Potions
 d - a potion of curing
 f - a potion of haste
 g - 2 potions of magic
 h - a potion of berserk rage
 l - a potion of lignification {unknown}
Comestibles
 c - a ration
 m - a chunk of flesh


   Skills:
 + Level 5.8 Fighting
 + Level 5.3 Maces & Flails
 + Level 3.2 Armour
 + Level 2.4 Dodging
 + Level 0.7 Stealth
 + Level 0.1 Shields


You had 2 spell levels left.
You didn't know any spells.
Your spell library was empty.

Dungeon Overview and Level Annotations

Branches:
Dungeon (1/1)

Altars:


Innate Abilities, Weirdness & Mutations

You are resistant to torment.
Your stone body is resilient. (AC +3)
You are immune to poison.
You resist negative energy. (rN+)
You are resistant to electric shocks. (rElec)
You can survive without breathing.
You are immune to petrification.
You are immune to rotting.


Message History

You block the scorpion's attack. The scorpion barely misses you.
You hit the scorpion.
The scorpion is lightly wounded.
The scorpion barely misses you.
You hit the scorpion but do no damage.
The scorpion is lightly wounded.
The scorpion stings you but does no damage.
The scorpion stings you.
* * * LOW HITPOINT WARNING * * *
You hit the scorpion but do no damage.
The scorpion is lightly wounded.
You block the scorpion's attack.
You hit the scorpion but do no damage.
The scorpion is lightly wounded.
You block the scorpion's attack.
The scorpion stings you but does no damage.
You completely miss the scorpion.
The scorpion is lightly wounded.
The scorpion stings you.
You die...

▓..##.......# ..#
▓##.##.##.[.# ..#
##.##.###..# #..#
▓#.####.##..# ...+
▓.###..##..## #...#
▓#.....##÷.###....#
###..##...##.....#
##..##....#s.....#
#..###..##@#.....#
#..# #.. ####....#
▓▓▓▓ ▓▓▓ ▓▓▓▓▓


You could see a scorpion.

Vanquished Creatures
  Jessica (D)
  A human (D)
  An ooze (D)
  2 rats (D)
5 creatures vanquished.

Vanquished Creatures (others)
  5 hellions (D)
  A yaktaur (D)
  2 plants (D)
8 creatures vanquished.

Grand Total: 13 creatures vanquished

Notes
Turn   | Place    | Note
-------+----------+-------------------------------------------
     0 | D        | MartialLaw the Gargoyle Berserker began the quest for the
                  | Orb.
     0 | D        | Reached XP level 1. HP: 14/14 MP: 1/1
    62 | D        | Killed a hellion
    62 | D        | Killed a hellion
    65 | D        | Noticed Jessica
    69 | D        | Killed Jessica
    69 | D        | Reached ** piety under Trog
    69 | D        | Reached skill level 5 in Fighting
    69 | D        | Reached XP level 2. HP: 21/21 MP: 2/2
    69 | D        | Reached XP level 3. HP: 26/26 MP: 3/3
    96 | D        | Killed a hellion
   111 | D        | Killed a hellion
   136 | D        | Killed a hellion
   142 | D        | Killed a yaktaur
   156 | D        | Noticed a scorpion
   180 | D        | Reached skill level 5 in Maces & Flails
   193 | D        | Slain by a scorpion

Skill      XL: |  1  2  3 |
---------------+----------+-----
Fighting       | 5 |  5.8
Maces & Flails | 4 5 |  5.3
Armour         | 3 |  3.2
Dodging        | 2 |  2.4
Stealth        | |  0.7
Shields        | |  0.1

Action                   || total
-------------------------++-------
Melee: Mace              ||     6
       Club              ||    32
Invok: Berserk           ||     3
  Use: Potion            ||     1
 Stab: Sleeping          ||     1
Armor: Animal skin       ||    14
Dodge: Dodged            ||    10
Block: Large shield      ||    17
